 Dungeon Crawl Stone Soup version 0.24-a0-416-g56ce5178b7 (webtiles) character file.

Game seed: 17915241735189056486

21 ohad the Insei (level 2, -1/18 HPs)
             Began as an Octopode Transmuter on June 8, 2019.
             Slain by a hobgoblin
             ... wielding a +0 short sword
              (4 damage)
             ... on level 1 of the Dungeon.
             The game lasted 00:01:13 (445 turns).

ohad the Insei (Octopode Transmuter)                 Turns: 445, Time: 00:01:14

Health: -1/18      AC:  1    Str:  9    XL:     2   Next: 83%
Magic:  5/5        EV: 13    Int: 15    God:
Gold:   41         SH:  0    Dex: 12    Spells: 4/5 levels left

rFire    . . .     SeeInvis .     - Unarmed
rCold    . . .     Gourm    .   (no shield)
rNeg     . . .     Faith    .   (helmet restricted)
rPois    .         Spirit   .   (no amulet)
rElec    .         Reflect  .   (no ring)
rCorr    .         Harm     .   (no ring)
MR       .....                  (no ring)
Stlth    ++........             (no ring)
HPRegen  0.06/turn              (no ring)
MPRegen  0.09/turn              (no ring)
                                (no ring)
                                (no ring)

@: appendage (expiring)
A: almost no armour, stealthy swim, amphibious, 8 rings, constrict 8, tentacle
spike 3, camouflage 1, gelatinous body 1
a: End Transformation


You were on level 1 of the Dungeon.
You were not hungry.
One of your tentacles had a temporary spike.
You visited 1 branch of the dungeon, and saw 1 of its levels.

You collected 41 gold pieces.

Inventory:

Missiles
 a - 25 arrows
Scrolls
 b - a scroll of immolation {unknown}
 e - 2 scrolls of identify {unknown}
Potions
 d - a potion of agility {unknown}
 g - a potion of curing {unknown}
 h - a potion of might {unknown}
Comestibles
 c - a ration
 f - 10 chunks of flesh


   Skills:
 - Level 1.0 Fighting
 + Level 2.3 Dodging
 + Level 3.7 Unarmed Combat
 - Level 2.0 Spellcasting
 - Level 2.0 Transmutations


You had 4 spell levels left.
You knew the following spells:

 Your Spells              Type           Power        Failure   Level  Hunger
a - Beastly Appendage     Tmut           #.....       10%         1    #......

Your spell library contained the following spells:

 Spells                   Type           Power        Failure   Level  Hunger
 Sticks to Snakes         Tmut           #.......     14%         2    ###....
 Spider Form              Tmut/Pois      #.........   41%         3    ###....
 Ice Form                 Ice/Tmut       #.......     82%         4    #####..
 Blade Hands              Tmut           #.........   95%         5    ######.


Dungeon Overview and Level Annotations

Branches:
Dungeon (1/15)

Altars:


Innate Abilities, Weirdness & Mutations

You cannot wear most types of armour.
You are very stealthy in the water. (Stealth+)
You are amphibious.
You can wear up to eight rings at the same time.
You can use your tentacles to constrict eight enemies at once.
Your skin changes colour to match your surroundings (Stealth+).
Your rubbery body absorbs attacks. (AC +1, EV +1)
One of your tentacles bears a large vicious spike.


Message History

* * * LOW HITPOINT WARNING * * *
You tentacle-slap the hobgoblin but do no damage.
You pierce the hobgoblin, but do no damage.
The hobgoblin is lightly wounded.
You constrict the hobgoblin, but do no damage.
You tentacle-slap the hobgoblin but do no damage.
You pierce the hobgoblin, but do no damage.
The hobgoblin is lightly wounded.
You constrict the hobgoblin.
The hobgoblin hits you but does no damage.
You tentacle-slap the hobgoblin but do no damage.
The hobgoblin is moderately wounded.
You constrict the hobgoblin, but do no damage.
The hobgoblin hits you with a +0 short sword.
* * * LOW HITPOINT WARNING * * *
You tentacle-slap the hobgoblin but do no damage.
The hobgoblin is lightly wounded.
You constrict the hobgoblin.
The hobgoblin hits you with a +0 short sword.
You die...

#.#!#.# ##..#...# #...#..
##...#.#.# #......##.....$#.#
#s......####.### .. #..#(..##
#...# #.### #...s.## ###.# ..
........#rw# ##.#### .#
#......##g## #.....# .#
####.####. #@# #.....#
.####≈≈≈.§≈§#. #.# #.....#
.##.+.≈§≈§§.'. #.# #.....##.
.##.#≈§.§§§≈# #.# #..÷.....
.#..#≈≈.<.≈≈#....#### #......##
.)..#≈§§.§.≈##......# #.....##
....'.≈≈≈§≈§+.......# ##.....#
....#§≈≈.§§≈#.......# ##......#
....####.#####......###.......#


You could see a dart slug, a giant cockroach, a hobgoblin and a rat.

Vanquished Creatures
  A leopard gecko (D:1)
  A ball python (D:1)
  4 giant cockroaches (D:1)
  2 goblins (D:1)
  A hobgoblin (D:1)
  5 bats (D:1)
  A frilled lizard (D:1)
  2 kobolds (D:1)
  A rat (D:1)
18 creatures vanquished.

Notes
Turn   | Place    | Note
-------+----------+-------------------------------------------
     0 | D:1      | ohad the Octopode Transmuter began the quest for the Orb.
     0 | D:1      | Reached XP level 1. HP: 13/13 MP: 3/3
   272 | D:1      | Reached XP level 2. HP: 18/18 MP: 3/5
   445 | D:1      | Slain by a hobgoblin

Levels and vault maps discovered:
D:1:      ncdulo_lavacross, layout_rooms, serial_glass, glass_columns_a,
          glass_columns_a, minmay_split_cup_large

Action                   || total
-------------------------++-------
Melee: Unarmed           ||    62
       Constrict         ||    10
       Tentacles         ||     9
       Kick              ||     6
 Cast: Beastly Appendage ||     2
 Stab: Sleeping          ||     2
Armor: Skin              ||     9
Dodge: Dodged            ||    56

Table legend:
 A = Non-vault XP
 B = Vault XP
 C = Vault XP percentage of total XP
 D = Non-vault monster count
 E = Vault monster count
 F = Vault count percentage of total count
                 A         B        C        D         E       F
            +---------+---------+-------+---------+---------+-------
      Total |      26 |       4 |  13.3 |      16 |       2 |  11.1
            +---------+---------+-------+---------+---------+-------
        D:1 |      26 |       4 |  13.3 |      16 |       2 |  11.1
            +---------+---------+-------+---------+---------+-------
